 Dungeon Crawl Stone Soup version 0.17.0-56-gd8de76c (webtiles) character file.

117 Denapoli the Chopper (level 5, -5/45 HPs)
             Began as a Hill Orc Fighter on Dec 5, 2015.
             Killed by divine providence
             ... invoked by an orc priest
              (9 damage)
             ... on level 3 of the Dungeon.
             The game lasted 00:07:00 (1680 turns).

Denapoli the Chopper (Hill Orc Fighter)             Turns: 1680, Time: 00:07:00

Health: -5/45      AC: 11    Str: 25      XL:     5   Next: 1%
Magic:  5/5        EV:  6    Int:  5 (8)  God:
Gold:   86         SH:  0    Dex: 10      Spells: 0 memorised, 4 levels left

rFire  . . .     SeeInvis .     a - +0 war axe
rCold  . . .     Clarity  .     i - +0 plate armour
rNeg   . . .     SustAt   .     (no shield)
rPois  .         Gourm    .     (no helmet)
rElec  .         Spirit   .     (no cloak)
rCorr  .         Warding  .     (no gloves)
rMut   .         Stasis   .     (no boots)
MR     .....                    (no amulet)
Stlth  ..........               (no ring)
                                b - ring of flight

@: mighty, not resistant to hostile enchantments, extremely unstealthy
A: camouflage 1
a: Convert to Beogh, Evoke Flight


You were on level 3 of the Dungeon.
You were not hungry.

You visited 1 branch of the dungeon, and saw 3 of its levels.

You collected 86 gold pieces.

Inventory:

Hand Weapons
 a - a +0 war axe (weapon)
Armour
 c - a +0 shield
 i - a +0 plate armour (worn)
Jewellery
 b - a ring of flight (left hand)
 s - a +3 ring of intelligence
Scrolls
 f - a scroll of recharging
Potions
 h - a potion of mutation
Comestibles
 n - a beef jerky


   Skills:
 - Level 3.6 Fighting
 * Level 6.6 Axes
 - Level 3.2 Armour
 - Level 3.2 Shields


You had 4 spell levels left.
You didn't know any spells.

Dungeon Overview and Level Annotations

Branches:
Dungeon (3/15)

Altars:
Ashenzari


Innate Abilities, Weirdness & Mutations

Your skin changes colour to match your surroundings (Stealth).


Message History

Something smites you! The adder bites you but does no damage.
Okay, then.
You feel very mighty all of a sudden. The adder bites you but does no damage.
You miss the adder. The adder bites you but does no damage.
The orc priest mumbles some strange prayers to Beogh against you.
Something smites you!
* * * LOW HITPOINT WARNING * * *
You feel better. The adder bites you but does no damage.
The adder bites you but does no damage.
The orc priest calls down the wrath of Beogh upon you.
Pain shoots through your body!
* * * LOW HITPOINT WARNING * * *
The adder barely misses you. The adder bites you but does no damage.
The adder bites you but does no damage.
The orc priest calls down the wrath of Beogh upon you.
Something smites you!
You die...

....................#
.###....##.............
#.##.###########.... #
#.### ... #...# .
###o### .. #...# #.#
###.####..# #...S@...#
#.......## # #......##
...## #......#
#....#......#
#....##### ####.##
#..####### ##........


You could see an orc priest and an adder.

Vanquished Creatures
  3 gnolls (D:2)
  3 adders (D:2)
  An ooze (D:3)
  2 giant geckos
  A ball python (D:1)
  5 giant cockroaches
  5 goblins
  8 hobgoblins
  5 jackals (D:1)
  5 kobolds
  A quokka (D:2)
  3 bats
  4 giant newts
  7 rats
53 creatures vanquished.

Notes
Turn   | Place    | Note
--------------------------------------------------------------
     0 | D:1      | Denapoli the Hill Orc Fighter began the quest for the Orb.
     0 | D:1      | Reached XP level 1. HP: 19/19 MP: 1/1
    65 | D:1      | Reached XP level 2. HP: 24/26 MP: 2/2
   159 | D:1      | Reached skill level 4 in Axes
   208 | D:1      | Reached XP level 3. HP: 27/31 MP: 3/3
   688 | D:2      | Found a shattered altar of Ashenzari.
   705 | D:2      | Reached skill level 5 in Axes
   766 | D:2      | Gained mutation: You are weak. (Str -2) [potion of mutation]
   766 | D:2      | Gained mutation: Your magical capacity is low (-10% MP). [potion of mutation]
   766 | D:2      | Gained mutation: You occasionally shout uncontrollably at your foes. [potion of mutation]
   768 | D:2      | Lost mutation: Your magical capacity is low (-10% MP). [potion of cure mutation]
   768 | D:2      | Lost mutation: You occasionally shout uncontrollably at your foes. [potion of cure mutation]
   768 | D:2      | Lost mutation: You are weak. (Str -2) [potion of cure mutation]
   771 | D:2      | Gained mutation: Your skin changes colour to match your surroundings (Stealth). [potion of beneficial mutation]
   847 | D:2      | Reached XP level 4. HP: 33/39 MP: 4/4
   861 | D:2      | Reached skill level 6 in Axes
  1636 | D:3      | Reached XP level 5. HP: 45/45 MP: 5/5
  1665 | D:3      | HP: 2/45 [orc priest/divine providence (12)]
  1680 | D:3      | Killed from afar by an orc priest

Action                   |  1- 3 |  4- 6 || total
-------------------------+-------+-------++-------
Melee: War axe           |   116 |    60 ||   176
  Use: Potion            |     8 |     4 ||    12
       Scroll            |     5 |     1 ||     6
  Eat: Chunk             |       |     2 ||     2
       Bread ration      |       |     1 ||     1
